AoeStats
← Red Calypso

Fortress

509778137Analyzed
4v4 RM · 5d ago on Sep 28, 2026· 41m 11s· 8 players
Game mode
Random Map
Map size
Huge
Population
200
Speed
Normal
Resources
Standard
Victory
Conquest
Starting age
Dark Age
Ending age
Imperial Age
RankedLock teamsTeams togetherTeam positionsShared explorationLock speedFull tech treeHidden civsTurbo modeCheats
Victory
Defeat
🇺🇸 Ethiopians · United States
1489
+16
🇺🇸 Dravidians · United States
1437
+19
🇨🇦 Spanish · Canada
1409
+20
🇦🇹 Franks · Austria
1396
+20
🇦🇷 Mongols · Argentina
1558
-21
🇦🇷 Khmer · Argentina
1501
-19
🇨🇦 Saxons · Canada
1468
-18
🇺🇸 Varangians · United States
1449
-17
TGT | diego22
7:45 Feudal Age
8:37 Double-Bit Axe
11:32 Castle Age
9:22 Horse Collar
12:32 Bow Saw
20:01 Wheelbarrow
19:40 Heavy Plow
20:22 Loom
20:59 Hand Cart
25:23 Imperial Age
22:45 Loom
22:58 Fletching
23:23 Gold Mining
23:30 Stone Mining
23:53 Bodkin Arrow
24:49 Ballistics
24:44 Padded Archer Armor
25:24 Elite Mangudai
26:12 Bracer
26:18 Husbandry
27:25 Parthian Tactics
27:12 Bloodlines
28:23 Gold Shaft Mining
28:24 Stone Shaft Mining
28:15 Conscription
29:25 Thumb Ring
28:42 Capped Ram
30:43 Drill
30:48 Caravan
30:21 Onager
33:52 Chemistry
32:24 Siege Onager
35:34 Leather Archer Armor
Alt + F4 | UncleJack
6:57 Feudal Age
10:53 Castle Age
8:56 Double-Bit Axe
8:54 Horse Collar
9:38 Loom
14:06 Bow Saw
17:57 Wheelbarrow
18:19 Heavy Plow
18:54 Gold Mining
23:28 Imperial Age
20:50 Fletching
21:27 Bodkin Arrow
21:58 Ballistics
22:10 Padded Archer Armor
21:44 Crossbowman
23:01 Thumb Ring
23:29 Leather Archer Armor
23:32 Arbalester
24:29 Bracer
25:59 Chemistry
25:18 Scale Mail Armor
24:40 Pikeman
25:54 Squires
26:45 Chain Mail Armor
27:41 Halberdier
29:28 Forging
30:02 Shield Wall
31:13 Stone Mining
32:30 Plate Mail Armor
33:00 Conscription
32:56 Masonry
32:33 Elite Hearth Troop
37:07 Caravan
Alt+F4 | Haise
8:39 Feudal Age
10:01 Loom
12:23 Castle Age
10:14 Double-Bit Axe
11:11 Horse Collar
11:18 Loom
11:56 Loom
12:47 Wheelbarrow
13:50 Bow Saw
19:07 Gold Mining
22:23 Forging
23:25 Heavy Plow
27:31 Imperial Age
25:29 Stone Mining
26:18 Iron Casting
26:19 Scale Barding Armor
26:52 Hand Cart
28:23 Chain Barding Armor
28:40 Conscription
29:23 Blast Furnace
29:04 Elite Jarl
31:24 Plate Barding Armor
32:17 Vendel Legacy
33:02 Fletching
32:47 Cavalier
33:38 Bloodlines
33:29 Husbandry
35:04 Caravan
TGT | Trosqui
7:40 Feudal Age
7:47 Feudal Age
8:47 Feudal Age
11:57 Castle Age
9:47 Double-Bit Axe
9:44 Horse Collar
12:54 Bow Saw
13:41 Loom
15:08 Wheelbarrow
15:58 Heavy Plow
17:15 Hand Cart
16:47 Town Watch
17:58 Gold Mining
21:52 Stone Mining
25:30 Imperial Age
23:47 Scale Barding Armor
23:44 Husbandry
23:55 Bloodlines
24:40 Gold Shaft Mining
24:37 Caravan
25:26 Stone Shaft Mining
26:02 Elite Ballista Elephant
29:32 Chain Barding Armor
30:20 Crop Rotation
31:48 Conscription
32:27 Ballistics
GOAT Gobz
7:30 Feudal Age
7:43 Feudal Age
9:08 Double-Bit Axe
11:33 Castle Age
10:52 Horse Collar
12:47 Wheelbarrow
14:46 Hand Cart
14:36 Loom
19:06 Heavy Plow
19:31 Bow Saw
25:44 Imperial Age
23:45 Caravan
25:13 Scale Barding Armor
25:18 Forging
26:23 Chain Barding Armor
26:20 Cavalier
27:38 Iron Casting
27:41 Bloodlines
27:31 Husbandry
28:23 Plate Barding Armor
28:53 Chemistry
28:14 Ballistics
29:23 Blast Furnace
29:38 Two-Man Saw
28:34 Gold Mining
28:34 Stone Mining
29:41 Fletching
29:52 Scale Mail Armor
30:48 Conscription
31:23 Bombard Tower
30:49 Paladin
30:56 Light Cavalry
31:44 Murder Holes
33:33 Masonry
34:09 Supremacy
34:04 Fortified Wall
35:50 Hoardings
35:49 Architecture
36:06 Bodkin Arrow
36:02 Arrowslits
37:39 Coinage
37:20 Guilds
40:09 Bracer
40:58 Coinage
41:25 Stone Shaft Mining
Ice2207
7:57 Feudal Age
11:43 Castle Age
10:18 Double-Bit Axe
10:50 Horse Collar
13:01 Bow Saw
12:54 Heavy Plow
14:48 Loom
18:52 Wheelbarrow
20:01 Town Watch
21:36 Hand Cart
21:22 Town Patrol
22:04 Gold Mining
26:18 Imperial Age
24:34 Fletching
25:11 Bodkin Arrow
25:43 Ballistics
26:15 Padded Archer Armor
26:47 Medical Corps
27:06 Bracer
28:10 Chemistry
27:44 Elite Elephant Archer
28:55 Husbandry
29:16 Thumb Ring
31:11 Leather Archer Armor
32:15 Caravan
32:34 Fortified Wall
34:26 Siege Elephant
35:48 Ring Archer Armor
38:02 Coinage
39:16 Masonry
39:02 Murder Holes
39:22 Scale Mail Armor
39:33 Forging
41:10 Banking
Retrobution22
7:38 Feudal Age
9:04 Loom
12:26 Castle Age
10:37 Double-Bit Axe
11:44 Horse Collar
13:53 Bow Saw
14:46 Wheelbarrow
15:07 Scale Mail Armor
18:59 Heavy Plow
19:18 Gold Mining
22:29 Hand Cart
27:22 Imperial Age
25:18 Crossbowman
26:05 Fletching
26:16 Padded Archer Armor
26:39 Ballistics
26:41 Thumb Ring
27:02 Fortified Wall
27:16 Bodkin Arrow
27:55 Leather Archer Armor
28:35 Gold Shaft Mining
27:30 Arbalester
29:14 Chemistry
29:09 Conscription
29:11 Bracer
33:48 Ring Archer Armor
35:15 Torsion Engines
37:02 Caravan
Red Calypso
7:30 Feudal Age
8:34 Loom
11:07 Castle Age
10:37 Double-Bit Axe
12:23 Bow Saw
18:29 Wheelbarrow
20:11 Hand Cart
19:41 Loom
26:16 Imperial Age
24:27 Scale Barding Armor
25:28 Chain Barding Armor
25:18 Forging
27:07 Iron Casting
27:46 Plate Barding Armor
26:33 Cavalier
27:14 Husbandry
27:37 Conscription
27:35 Town Watch
28:22 Chivalry
30:11 Blast Furnace
29:13 Gold Mining
29:14 Stone Mining
29:30 Paladin
33:19 Gold Shaft Mining
32:50 Caravan
38:49 Fletching
40:00 Siege Engineers
Connection lost

Rejoining the realm…

Still unreachable

The connection could not be restored.

Session expired

The server has moved on; the page needs a fresh start.